Map: Ephemeron LE

Players

pHARM

  • Race: Zerg Zerg
  • League: Platinum
  • Spawn Location: 5:00

Orca - Winner!

  • Race: Protoss Protoss
  • League: Platinum
  • Spawn Location: 11:00

VOD

Have the link to the VOD?

Description

Time

  • Played on: Sept. 7, 2019, 1:50 p.m.
  • Length: 11:31
Show
View Real Time Build Order
Export as new Build Order

pHARM Zerg 

Build Orders: Hatch First 

Get SALT Encoding   

  12  0:00  Drone  
  13  0:12  Overlord  
  13  0:19  Drone  
  14  0:30  Drone x2  
  16  0:55  Hatchery  
  15  0:57  Drone x2  
  15  0:59  Drone  
  18  1:16  Spawning Pool  
  17  1:25  Drone x2  
  19  1:36  Drone  
  20  1:41  Drone, Extractor  
  20  1:55  Overlord  
  20  2:04  Queen  
  20  2:07  Queen  
  24  2:10  Drone x2  
  26  2:20  Drone x2  
  28  2:24  Overlord  
  28  2:30  Drone  
  29  2:47  Overlord x2  
  29  2:58  Metabolic Boost  
  29  3:04  Drone x4  
  33  3:13  Drone x2  
  35  3:21  Pneumatized Carapace, Hatchery  
  35  3:22  Queen  
  36  3:29  Drone x5  
  36  3:30  Drone  
  36  3:32  Drone  
  43  3:35  Drone  
  44  3:47  Extractor  
  44  3:48  Extractor  
  42  3:52  Roach Warren  
  42  3:54  Evolution Chamber  
  40  3:58  Baneling Nest  
  39  4:03  Drone x7  
  46  4:17  Lair  
  46  4:25  Zerg Missile Weapons Level 1  
  46  4:36  Drone  
  47  4:39  Overlord x4  
  47  5:04  Spore Crawler  
  47  5:06  Spore Crawler  
  45  5:25  Drone  
  45  5:26  Drone x12  
  58  5:30  Spore Crawler, Queen x2  
  61  5:46  Hydralisk Den  
  60  5:51  Drone  
  60  5:52  Drone  
  58  6:24  Grooved Spines  
  58  6:27  Drone x2  
  58  6:29  Zerg Missile Weapons Level 2  
  58  6:31  Centrifical Hooks  
  60  7:02  Hydralisk x7  
  60  7:04  Overlord x3  
  60  7:05  Overlord x3  
  60  7:07  Overlord  
  74  7:16  Extractor  
  73  7:26  Extractor  
  73  7:28  Drone  
  73  7:29  Extractor, Drone x7  
  79  7:35  Muscular Augments  
  80  7:58  Drone x3  
  80  8:00  Hydralisk x7  
  80  8:01  Hydralisk x2  
  100  8:16  Overlord  
  100  8:30  Hydralisk x3  
  100  8:31  Hydralisk x10  
  126  8:52  Hatchery  
  125  8:56  Hydralisk x3  
  125  8:57  Hatchery, Hydralisk x4  
  125  8:58  Overlord  
  120  9:43  Hydralisk  
  120  9:44  Hydralisk x16  
  146  9:49  Overseer  
  146  10:08  Spire  
  145  10:42  Drone x12  
  157  10:43  Overlord x15, Drone  
  158  11:06  Infestation Pit  
  158  11:07  Extractor  
  158  11:09  Drone  
  158  11:10  Drone x13, Extractor  
Show
View Real Time Build Order
Export as new Build Order

Orca Protoss - Winner!

Build Orders: 1 Gate Expand, Phoenix Opening, Carriers 

Get SALT Encoding   

  12  0:00  Probe  
  13  0:13  Probe  
  14  0:20  Pylon  
  14  0:25  Probe  
  15  0:38  Probe  
  15  0:40  Gateway  
  16  0:47  Probe  
  16  0:51  Assimilator  
  16  0:55  Probe  
  18  1:04  Probe  
  19  1:25  Nexus  
  19  1:28  Probe  
  20  1:42  Probe  
  20  1:44  Cybernetics Core  
  21  1:54  Probe  
  22  2:04  Pylon  
  22  2:06  Probe  
  23  2:10  Assimilator  
  23  2:12  Stalker  
  23  2:21  Gateway  
  25  2:23  Warp Gate  
  25  2:31  Probe  
  25  2:33  Pylon  
  26  2:38  Probe  
  26  2:43  Probe  
  28  2:47  Stalker  
  30  2:54  Probe  
  30  2:55  Probe  
  31  3:06  Probe  
  31  3:07  Probe  
  31  3:12  Stargate  
  33  3:14  Probe  
  33  3:15  Probe  
  35  3:22  Probe  
  35  3:23  Probe  
  36  3:32  Probe  
  36  3:33  Probe  
  37  3:35  Pylon  
  37  3:36  Assimilator  
  39  3:45  Probe x2  
  39  3:46  Stargate  
  41  3:54  Phoenix  
  41  3:56  Assimilator  
  41  3:57  Probe  
  41  3:58  Probe  
  45  4:05  Protoss Air Weapons Level 1  
  45  4:09  Probe  
  46  4:10  Pylon, Probe  
  47  4:21  Probe  
  47  4:22  Probe  
  51  4:27  Oracle  
  52  4:32  Adept x2  
  56  4:55  Nexus  
  56  4:58  Pylon, Probe  
  56  4:59  Pylon, Probe  
  58  5:04  Assimilator  
  58  5:08  Assimilator  
  58  5:10  Probe  
  58  5:11  Probe  
  60  5:18  Stargate  
  60  5:19  Fleet Beacon  
  60  5:22  Probe  
  60  5:23  Probe  
  62  5:34  Probe, Void Ray  
  62  5:35  Probe  
  68  5:37  Void Ray  
  72  5:51  Probe x2  
  74  6:03  Probe x2  
  76  6:20  Probe x3  
  76  6:21  Carrier x2  
  79  6:32  Probe x2  
  92  6:33  Probe  
  94  6:44  Probe  
  94  6:45  Probe x2  
  97  6:52  Nexus  
  97  6:53  Pylon  
  97  6:56  Pylon  
  97  6:59  Probe x3  
  100  7:11  Carrier  
  106  7:16  Pylon  
  106  7:21  Pylon  
  106  7:27  Protoss Air Weapons Level 2  
  106  7:35  Probe x3  
  106  7:36  Pylon  
  106  7:37  Pylon, Assimilator  
  109  7:42  Assimilator  
  109  7:43  Carrier x2  
  121  7:48  Probe  
  121  7:49  Probe x2  
  124  7:58  Shield Battery  
  124  7:59  Shield Battery  
  124  8:01  Probe x2  
  124  8:02  Shield Battery, Probe  
  127  8:06  Pylon  
  127  8:15  Void Ray  
  127  8:18  Stargate  
  131  8:22  Cybernetics Core  
  131  8:25  Pylon  
  131  8:29  Pylon  
  131  8:30  Mothership  
  131  8:32  Probe  
  131  8:33  Pylon, Probe  
  133  8:36  Pylon  
  133  8:40  Void Ray x2  
  133  8:48  Void Ray  
  149  9:02  Carrier  
  153  9:12  Probe x2, Protoss Air Armor Level 1  
  153  9:13  Probe  
  162  9:25  Pylon  
  162  9:28  Gateway  
  148  9:54  Gateway  
  148  9:58  Gateway  
  148  10:02  Gateway  
  148  10:04  Pylon  
  148  10:12  Void Ray x3  
  160  10:22  Pylon  
  160  10:24  Pylon  
  160  10:29  Probe x3  
  160  10:31  Pylon, Void Ray  
  166  10:52  Gateway  
  166  10:54  Gateway  
  166  10:56  Gateway  
  170  10:58  Gateway  
  170  11:00  Pylon  
  178  11:17  Pylon  
  178  11:18  Pylon  
  178  11:22  Pylon  
  178  11:25  Pylon  
  178  11:29  Pylon  
Tags
 
Add a new tag
Caveats
  • Supply blocks, unpowered buildings, or Contaminate may cause inaccurate times.
  • Supply counts are checked every 10 seconds.